Map: Site Delta LE

Players

A.I. 1 (Elite)

  • Race: Zerg Zerg
  • Spawn Location: 5:00

Zerus - Winner!

  • Race: Terran Terran
  • League: Master
  • Spawn Location: 11:00

VOD

Have the link to the VOD?

Description

Time

  • Played on: June 28, 2024, 11:09 p.m.
  • Length: 12:34
Show
View Real Time Build Order
Export as new Build Order

A.I. 1 (Elite) Zerg 

Build Orders: Pool First 

Get SALT Encoding   

  12  0:00  Drone  
  13  0:12  Overlord  
  13  0:16  Drone  
  14  0:30  Drone x2  
  16  0:42  Spawning Pool  
  16  0:45  Drone  
  16  0:49  Drone  
  17  1:12  Hatchery  
  17  1:13  Drone  
  17  1:15  Extractor  
  17  1:18  Drone  
  17  1:22  Drone  
  18  1:28  Drone  
  19  1:38  Overlord  
  19  1:48  Queen  
  19  1:49  Drone  
  22  2:00  Zergling x2  
  23  2:10  Drone  
  24  2:21  Drone  
  25  2:23  Queen  
  25  2:25  Roach Warren  
  25  2:27  Extractor  
  24  2:31  Drone  
  24  2:37  Drone  
  26  2:40  Drone  
  27  2:45  Zergling x2  
  27  2:50  Overlord  
  27  2:54  Drone  
  27  2:58  Drone  
  29  3:04  Drone  
  30  3:06  Drone  
  30  3:09  Drone  
  30  3:12  Zergling x2  
  33  3:14  Zergling x2  
  33  3:19  Roach  
  36  3:23  Roach  
  38  3:27  Roach  
  38  3:31  Roach  
  41  3:34  Zergling x2  
  41  3:36  Drone  
  43  3:44  Overlord  
  43  3:53  Lair  
  43  3:57  Metabolic Boost  
  44  4:02  Drone  
  44  4:03  Overlord  
  44  4:05  Drone  
  44  4:08  Drone  
  46  4:10  Drone  
  46  4:13  Zergling x2  
  46  4:15  Zergling x2  
  49  4:18  Zergling x2  
  50  4:24  Evolution Chamber  
  50  4:25  Drone  
  50  4:29  Evolution Chamber  
  50  4:30  Drone  
  50  4:32  Drone  
  50  4:35  Drone  
  50  4:37  Drone  
  53  4:39  Drone  
  54  4:51  Zerg Missile Weapons Level 1  
  54  4:55  Zerg Ground Armor Level 1  
  54  4:57  Hydralisk Den, Drone  
  54  4:59  Overlord  
  54  5:03  Roach  
  54  5:05  Roach  
  58  5:11  Drone  
  58  5:13  Drone  
  57  5:15  Drone  
  57  5:16  Drone  
  57  5:17  Drone  
  57  5:20  Overlord  
  59  5:22  Drone  
  59  5:24  Drone  
  59  5:26  Drone  
  59  5:27  Hydralisk  
  59  5:28  Drone  
  65  5:31  Hydralisk  
  65  5:33  Drone  
  68  5:38  Drone  
  69  5:45  Overlord  
  71  5:50  Roach  
  71  5:52  Infestation Pit  
  71  5:55  Drone  
  71  5:57  Roach  
  71  6:03  Overlord  
  71  6:04  Roach  
  75  6:06  Roach  
  77  6:13  Extractor  
  77  6:17  Extractor  
  77  6:18  Drone  
  76  6:19  Ravager  
  76  6:23  Roach  
  79  6:30  Infestor  
  80  6:35  Overlord, Drone x3  
  80  6:37  Zergling x4  
  80  6:39  Drone x2  
  85  6:41  Drone  
  86  6:47  Infestor  
  86  6:53  Ravager, Hatchery  
  88  6:54  Drone, Overlord  
  88  6:55  Roach  
  88  6:59  Hydralisk  
  93  7:03  Hydralisk  
  95  7:09  Overseer  
  95  7:11  Zergling x2  
  95  7:22  Infestor  
  95  7:23  Overlord  
  97  7:35  Spine Crawler  
  97  7:36  Infestor, Drone, Zergling x2  
  99  7:39  Roach  
  99  7:41  Overlord, Roach  
  105  7:44  Roach  
  105  7:45  Zergling x2  
  105  7:51  Spine Crawler  
  104  7:57  Zerg Missile Weapons Level 2  
  104  8:06  Drone x2, Queen  
  104  8:07  Drone x4  
  104  8:08  Drone  
  104  8:12  Overlord, Drone x2  
  115  8:15  Zerg Ground Armor Level 2, Drone, Extractor  
  115  8:16  Drone x3  
  115  8:18  Drone, Extractor  
  115  8:19  Drone  
  119  8:26  Drone  
  120  8:28  Drone  
  120  8:29  Drone  
  120  8:32  Baneling Nest  
  120  8:39  Overlord  
  120  8:40  Drone  
  118  8:44  Drone x2, Spore Crawler, Zergling x2  
  118  8:45  Spore Crawler  
  118  8:48  Drone, Zergling x2  
  89  8:49  Drone  
  89  8:51  Drone  
  89  8:52  Drone  
  92  9:02  Roach  
  93  9:03  Roach  
  88  9:11  Ravager  
  88  9:12  Zergling x2  
  88  9:13  Roach  
  81  9:19  Drone x2, Zergling x2  
  81  9:23  Baneling  
  77  9:24  Roach  
  77  9:28  Roach  
  44  9:39  Roach, Zergling x2  
  32  9:47  Drone, Zergling x2  
  32  9:51  Hydralisk  
  14  10:27  Drone  
  14  10:33  Drone  
  14  10:40  Drone  
  8  11:34  Drone  
Show
View Real Time Build Order
Export as new Build Order

Zerus Terran - Winner!

Build Orders: Reaper Expand 

Get SALT Encoding   

  12  0:00  SCV  
  13  0:12  SCV  
  14  0:17  Supply Depot  
  14  0:25  SCV  
  15  0:38  SCV  
  15  0:40  Barracks  
  16  0:45  Refinery  
  16  0:50  SCV  
  17  1:03  SCV  
  18  1:15  SCV  
  19  1:27  Orbital Command  
  19  1:28  Reaper  
  20  1:39  Command Center  
  20  1:50  Supply Depot  
  20  1:52  SCV  
  21  2:00  Marine  
  22  2:06  Factory  
  22  2:09  SCV  
  23  2:21  SCV  
  24  2:23  Barracks Reactor  
  24  2:33  SCV  
  25  2:41  Command Center  
  25  2:48  SCV  
  26  2:53  Orbital Command  
  26  3:00  SCV  
  26  3:02  Starport  
  27  3:06  Refinery  
  27  3:09  Hellion  
  29  3:13  SCV  
  29  3:17  Hellion  
  29  3:19  SCV  
  33  3:25  SCV  
  34  3:31  Hellion, SCV  
  37  3:37  SCV  
  37  3:38  Hellion  
  37  3:39  Viking  
  42  3:43  SCV  
  43  3:49  SCV  
  43  3:50  Barracks Tech Lab  
  43  3:52  Orbital Command  
  43  3:54  Hellion  
  46  3:56  SCV  
  46  4:00  Hellion  
  46  4:01  SCV  
  50  4:08  SCV  
  51  4:11  Stimpack  
  51  4:14  SCV, Orbital Command  
  52  4:17  Hellion  
  52  4:19  Liberator  
  52  4:20  SCV  
  52  4:22  Hellion  
  60  4:26  SCV  
  60  4:27  Supply Depot  
  61  4:35  Supply Depot  
  61  4:41  Barracks  
  61  4:46  Barracks  
  61  4:49  SCV x2  
  63  4:57  Supply Depot  
  63  4:58  Factory Reactor  
  63  5:01  SCV x2, Engineering Bay x2  
  63  5:02  Refinery  
  63  5:03  Refinery  
  63  5:04  Marine  
  63  5:06  Starport Tech Lab  
  66  5:13  SCV x2  
  66  5:15  SCV  
  65  5:22  Marine  
  65  5:25  SCV x2  
  65  5:28  SCV  
  69  5:29  Terran Infantry Armor Level 1, Terran Infantry Weapons Level 1  
  69  5:32  Barracks  
  69  5:33  Barracks  
  70  5:37  SCV  
  70  5:40  Marine  
  70  5:42  SCV  
  72  5:43  SCV  
  72  5:46  Marine x3  
  72  5:47  Starport Reactor, Siege Tank  
  72  5:48  Marine  
  72  5:49  SCV  
  78  5:54  SCV  
  78  5:55  Supply Depot  
  78  5:56  SCV, Supply Depot  
  80  5:58  Supply Depot  
  80  6:01  Marine, Combat Shield  
  80  6:02  SCV  
  80  6:04  Marine x3  
  85  6:17  Marine, SCV x3  
  89  6:19  Marine, Supply Depot  
  89  6:21  Supply Depot  
  89  6:22  Supply Depot  
  89  6:23  Marine x2  
  89  6:25  Barracks Reactor x2  
  92  6:26  Medivac x2, Siege Tank  
  92  6:29  SCV  
  100  6:36  Barracks  
  100  6:37  Barracks  
  98  6:40  Marine x2, Barracks, Armory  
  98  6:43  Marine x2  
  98  6:45  Marine  
  103  6:52  SCV x2  
  103  6:53  SCV  
  106  6:56  Medivac  
  106  6:57  Medivac  
  106  6:58  Marine x2, Siege Tank  
  106  7:01  Marine x2  
  117  7:04  Marine x2  
  117  7:06  Marine x2  
  117  7:07  Supply Depot x2  
  119  7:13  Marine  
  120  7:16  Marine x2  
  120  7:20  Marine x2  
  120  7:22  Marine  
  124  7:24  SCV  
  124  7:27  Marine x4  
  124  7:28  Marine  
  124  7:29  Terran Infantry Weapons Level 2  
  130  7:30  Command Center  
  128  7:39  Marine x2  
  128  7:40  Marine  
  131  7:46  Marine x3  
  131  7:47  Marine  
  131  7:48  Siege Tank  
  131  7:49  Marine, Medivac  
  139  7:59  Marine x7  
  139  8:00  Terran Infantry Armor Level 2  
  139  8:01  Medivac  
  139  8:03  SCV  
  149  8:08  Supply Depot x2  
  149  8:09  Supply Depot  
  149  8:11  Supply Depot  
  149  8:13  Supply Depot  
  149  8:14  Supply Depot  
  149  8:29  Marine x7  
  149  8:30  Marine x3, SCV, Siege Tank, Medivac  
  149  8:31  Marine x2  
  164  8:47  Marine  
  164  8:48  Marine x3  
  146  8:49  Marine x7  
  146  8:50  Medivac  
  146  8:51  Marine  
  146  8:53  SCV x2  
  152  8:55  Command Center  
  152  9:00  Medivac  
  152  9:02  Siege Tank  
  156  9:05  Marine x2  
  156  9:06  Marine x4  
  156  9:07  Marine  
  156  9:08  Marine x2  
  165  9:12  Marine x3  
  165  9:14  SCV x2  
  165  9:16  SCV  
  168  9:17  Refinery  
  168  9:19  Refinery  
  168  9:20  Medivac  
  168  9:23  Marine x2  
  170  9:24  Marine x2  
  170  9:26  SCV  
  170  9:27  Marine  
  170  9:28  Marine  
  173  9:31  Marine x2  
  173  9:33  Planetary Fortress  
  173  9:34  Siege Tank  
  173  9:35  Supply Depot  
  176  9:49  Marine x3, SCV x2  
  176  9:50  Marine x2, Medivac x2  
  176  9:51  Marine  
  186  9:54  Refinery  
  186  9:58  Refinery  
  186  9:59  Command Center  
  186  10:02  Marine x4  
  189  10:12  Marine x2  
  191  10:15  Siege Tank  
  191  10:17  Marine  
  191  10:18  Marine  
  196  10:22  SCV x4  
  200  10:37  Barracks Tech Lab x2, Ghost Academy  
  200  10:38  Barracks Tech Lab  
  200  10:41  Armory  
  200  10:43  Starport, Fusion Core  
  200  11:07  Planetary Fortress  
  200  11:08  Command Center  
  200  11:09  Command Center  
  200  11:21  Starport Reactor  
  200  11:27  Orbital Command  
  200  11:34  Command Center  
  200  11:35  Command Center  
  200  11:36  Command Center  
  200  11:41  Barracks, Concussive Shells  
  200  11:42  Barracks  
Tags
 
Add a new tag
Caveats
  • Supply blocks, unpowered buildings, or Contaminate may cause inaccurate times.
  • Supply counts are checked every 10 seconds.